 Dungeon Sprint DCSS version 0.23.0-28-g6fe0f4d (webtiles) character file.

Game seed: 17371327715500642536

23 nuthulu the Ruffian (level 2, -7/31 HPs)
             Began as a Troll Monk on Feb 25, 2019.
             Was a Priest of Makhleb.
             Mangled by a warg (15 damage)
             ... in the Dungeon (Sprint VII: "The Pits").
             The game lasted 00:00:34 (160 turns).

nuthulu the Ruffian (Troll Monk)                     Turns: 160, Time: 00:00:35

Health: -7/31      AC:  6    Str: 18    XL:     2   Next: 75%
Magic:  1/1        EV: 11    Int:  6    God:    Makhleb [***...]
Gold:   0          SH:  0    Dex: 12    Spells: 1/1 levels left

rFire    . . .     SeeInvis .     - Unarmed
rCold    . . .     Gourm    +   (no shield)
rNeg     . . .     Faith    .   a - +0 robe
rPois    .         Spirit   .   (helmet restricted)
rElec    .         Reflect  .   (no cloak)
rCorr    .         Harm     .   (gloves unavailable)
MR       .....     NoTele   +   (boots unavailable)
Stlth    ++........             (no amulet)
HPRegen  0.50/turn              (no ring)
MPRegen  0.07/turn              (no ring)

@: no status effects
A: large, unfitting armour, claws 3, fast metabolism 3, gourmand, regeneration
1, shaggy fur 1, tough skin 3
a: Minor Destruction, Lesser Servant of Makhleb, Renounce Religion


You were in the Dungeon.
You worshipped Makhleb.
Makhleb was most pleased with you.
You were very full.

You visited 1 branch

Inventory:

Armour
 a - a +0 robe (worn)
Scrolls
 h - a scroll of blinking
 j - 3 scrolls of remove curse
 k - 5 scrolls of amnesia
 l - a scroll of summoning
Potions
 c - a potion of curing
 d - a potion of heal wounds
 e - a potion of haste
 f - 4 potions of magic
 g - 3 potions of berserk rage
 i - 2 potions of invisibility
Comestibles
 b - 10 rations


   Skills:
 + Level 3.6 Fighting
 + Level 3.6 Dodging
 - Level 1.0 Stealth
 + Level 4.3 Unarmed Combat


You had one spell level left.
You didn't know any spells.
Your spell library was empty.

Dungeon Overview and Level Annotations

Branches:
Dungeon (1/1)

Altars:
Ashenzari
Cheibriados
Dithmenos
Elyvilon
Fedhas
Gozag
Hepliaklqana
Kikubaaqudgha
Makhleb
Nemelex Xobeh
Okawaru
Qazlal
Ru
Sif Muna
Trog
Uskayaw
Vehumet
Wu Jian
Xom
Yredelemnul
Zin
The Shining One
Beogh
Jiyva
Lugonu


Innate Abilities, Weirdness & Mutations

You are too large for most types of armour.
You have claws for hands.
Your metabolism is lightning-fast.
You like to eat raw meat.
Your natural rate of healing is unusually fast.
You are covered in fur. (AC +1)
You have extremely tough skin. (AC +3)


Message History

You barely miss the warg. The warg misses you.
You barely miss the warg. The warg barely misses you.
You closely miss the warg. The warg bites you but does no damage.
You scratch the warg.
The warg is lightly wounded.
The warg barely misses you.
You scratch the warg.
The warg is lightly wounded.
The warg bites you!
You scratch the warg but do no damage.
The warg is lightly wounded.
The warg bites you. x2
You claw the warg!
The warg is heavily wounded.
The warg bites you!
* * * LOW HITPOINT WARNING * * *
You scratch the warg but do no damage.
The warg is heavily wounded.
The warg bites you!
You die...

#_______...##########
##########'##........
#.?(.')))'.##......#.
##########.##........
#......÷...)'........
#+#####÷#####......#.
#†..#.# #........
#..(#.# ####'####
#.@.'.# #.......#
##h#### #.......#
#.S...# #.......#
#.....# #...<...#
#....... #.......#
#........##.......#
###########.......#
#########


You could see a warg and a ball python.

Vanquished Creatures
  A gnoll (D)
  An ufetubus (D)
  An orc (D)
  A bat zombie (D)
  3 jackals (D)
  A kobold (D)
8 creatures vanquished.

Notes
Turn   | Place    | Note
-------+----------+-------------------------------------------
     0 | D        | nuthulu the Troll Monk began the quest for the Orb.
     0 | D        | Reached XP level 1. HP: 22/22 MP: 0/0
    21 | D        | HP: 1/22 [gnoll/+0 flail (4)]
    22 | D        | Reached XP level 2. HP: 1/31 MP: 1/1
    26 | D        | Found a bloodstained altar of Trog.
    26 | D        | Found a deep blue altar of Sif Muna.
    26 | D        | Found a viscous altar of Jiyva.
    26 | D        | Found a hazy altar of Hepliaklqana.
    26 | D        | Found an opulent altar of Gozag.
    27 | D        | Found a glowing golden altar of the Shining One.
    27 | D        | Found a glowing silver altar of Zin.
    27 | D        | Found a basalt altar of Yredelemnul.
    27 | D        | Found a shimmering altar of Xom.
    27 | D        | Found an ornate altar of the Wu Jian Council.
    27 | D        | Found a sacrificial altar of Ru.
    27 | D        | Found a stormy altar of Qazlal.
    27 | D        | Found an iron altar of Okawaru.
    27 | D        | Found a sparkling altar of Nemelex Xobeh.
    27 | D        | Found a burning altar of Makhleb.
    27 | D        | Found a blossoming altar of Fedhas.
    27 | D        | Found a white marble altar of Elyvilon.
    27 | D        | Found a shadowy altar of Dithmenos.
    27 | D        | Found a snail-covered altar of Cheibriados.
    29 | D        | Found a corrupted altar of Lugonu.
    29 | D        | Found a radiant altar of Vehumet.
    29 | D        | Found a roughly hewn altar of Beogh.
    30 | D        | Found an ancient bone altar of Kikubaaqudgha.
    30 | D        | Found a hide-covered altar of Uskayaw.
    30 | D        | Found a shattered altar of Ashenzari.
    36 | D        | Became a worshipper of Makhleb the Destroyer
    36 | D        | Reached * piety under Makhleb
    36 | D        | Reached ** piety under Makhleb
   116 | D        | Reached skill level 4 in Unarmed Combat
   140 | D        | Reached *** piety under Makhleb
   145 | D        | Noticed a warg
   160 | D        | Mangled by a warg

Skill      XL: |  1  2 |
---------------+-------+-----
Fighting       | 3 |  3.6
Dodging        | 3 |  3.6
Unarmed Combat | 4 |  4.3
Stealth        | |  1.0

Action                   || total
-------------------------++-------
Melee: Unarmed           ||    39
       Punch             ||     1
 Stab: Sleeping          ||     1
  Eat: Chunk             ||     6
Armor: Robe              ||    14
Dodge: Dodged            ||    29
